PBL
COLORADO AVALANCHE @ MIAMI BEACH MARLINS
08/11/2045
 
TOP OF THE 1ST
Colorado Avalanche batting - Pitching for Miami Beach Marlins : RHP Alfonso Mier
Pitching: RHP Alfonso Mier
Batting: RHB Kevin Tangeman 0-0: Ball
1-0: Ball
2-0: Foul Ball, location: 2F
2-1: Ball
3-1: SINGLE (Line Drive, 56D, EV 98.1 MPH)
Batting: LHB Luke Coulter 0-0: Foul Ball, location: 2F
0-1: Fly out, F8 (Flyball, 8LS, EV 86.9 MPH)
Batting: RHB Ray Insley 0-0: Fielders Choice at 2nd, 6-4 (Groundball, 6, EV 87.5 MPH)
Batting: LHB Michael Krott 0-0: Fly out, F3 (Popup, 34S, EV 86.2 MPH)
Top of the 1st over - 0 runs, 1 hit, 0 errors, 1 left on base; Colorado 0 - Miami Beach 0
BOTTOM OF THE 1ST
Miami Beach Marlins batting - Pitching for Colorado Avalanche : RHP Zach Sommer
Pitching: RHP Zach Sommer
Batting: RHB Masumitsu Sugiura 0-0: Ball
1-0: Fly out, F7 (Flyball, 78M, EV 90.0 MPH)
Batting: RHB Jason Thrash 0-0: Ball
1-0: Foul Ball, location: 2F
1-1: Swinging Strike
1-2: Ball
2-2: Ball
3-2: Strikes out swinging
Batting: RHB Mike Gar 0-0: Ball
1-0: SOLO HOME RUN (Flyball, 8LXD, EV 116.9 MPH), Distance : 483 ft
Batting: LHB Luis Magdaleno 0-0: Called Strike
0-1: Foul Ball, location: 2F
0-2: Ball
1-2: Foul Ball, location: 2F
1-2: Ball
2-2: Strikes out swinging
Bottom of the 1st over - 1 run, 1 hit, 0 errors, 0 left on base; Colorado 0 - Miami Beach 1
TOP OF THE 2ND
Colorado Avalanche batting - Pitching for Miami Beach Marlins : RHP Alfonso Mier
Batting: RHB John Corfield 0-0: Ball
1-0: Foul Ball, location: 2F
1-1: Ball
2-1: Foul Ball, location: 2F
2-2: Strikes out looking
Pitching: RHP Felix Moreno
Batting: LHB Paul McClintock 0-0: Ball
1-0: Called Strike
1-1: Fly out, F3 (Line Drive, 4, EV 71.2 MPH)
Batting: RHB Zakhar Edelman 0-0: Ball
1-0: Ball
2-0: Called Strike
2-1: Fly out, F4 (Popup, 34S, EV 73.1 MPH)
Top of the 2nd over - 0 runs, 0 hits, 0 errors, 0 left on base; Colorado 0 - Miami Beach 1
BOTTOM OF THE 2ND
Miami Beach Marlins batting - Pitching for Colorado Avalanche : RHP Zach Sommer
Batting: SHB Matt Moore 0-0: Fly out, F8 (Flyball, 8RM, EV 78.1 MPH)
Batting: RHB Keith Bennett 0-0: Called Strike
0-1: Ball
1-1: Ground out 5-3 (Groundball, 5L, EV 94.4 MPH)
Batting: LHB Orlando Rivera 0-0: SINGLE (Groundball, 6D, EV 93.8 MPH)
Batting: RHB Robbie Gomez 0-0: Ball
1-0: Ball
2-0: Ball
3-0: Base on Balls
Orlando Rivera to second
Batting: SHB Justin Corbett 0-0: Called Strike
0-1: Ball
1-1: Fly out, F8 (Flyball, 8LXD, EV 106.9 MPH)
Bottom of the 2nd over - 0 runs, 1 hit, 0 errors, 2 left on base; Colorado 0 - Miami Beach 1
TOP OF THE 3RD
Colorado Avalanche batting - Pitching for Miami Beach Marlins : RHP Felix Moreno
Batting: RHB Bob Hayes 0-0: Ball
1-0: Ball
2-0: Ball
3-0: Called Strike
3-1: Base on Balls
Batting: RHB Manny Thompson 0-0: SINGLE (Groundball, 6MD, EV 97.5 MPH)
Bob Hayes to second
Batting: RHB Kevin Tangeman 0-0: Ball
1-0: Called Strike
1-1: Called Strike
1-2: Foul Ball, location: 2F
1-2: SINGLE (Line Drive, 78S, EV 86.9 MPH)
Bob Hayes to third
Manny Thompson to second
Batting: LHB Luke Coulter 0-0: Called Strike
0-1: Ball
1-1: Called Strike
1-2: SINGLE (Flyball, 4D, EV 90.6 MPH)
Bob Hayes scores
Manny Thompson to third
Kevin Tangeman to second
Batting: RHB Ray Insley 0-0: Ball
1-0: Foul Ball, location: 2F
1-1: Ball
2-1: Ball
3-1: Foul Ball, location: 2F
3-2: Base on Balls
Manny Thompson scores
Kevin Tangeman to third
Luke Coulter to second
Batting: LHB Michael Krott 0-0: Called Strike
0-1: Ball
1-1: Fly out, F5 (Popup, 25, EV 86.9 MPH)
Batting: RHB John Corfield 0-0: Called Strike
0-1: Ball
1-1: DOUBLE (Line Drive, 3D, EV 105.0 MPH)
Kevin Tangeman scores
Luke Coulter scores
Ray Insley to third
Runner from 3rd tries for Home, SAFE, throw by RF to trailing runner, OUT at third! 9-3-5
Batting: LHB Paul McClintock 0-0: Ball
1-0: Swinging Strike
1-1: Foul Ball, location: 2F
1-2: Strikes out swinging
Top of the 3rd over - 5 runs, 4 hits, 0 errors, 0 left on base; Colorado 5 - Miami Beach 1
BOTTOM OF THE 3RD
Miami Beach Marlins batting - Pitching for Colorado Avalanche : RHP Zach Sommer
Batting: RHB Masumitsu Sugiura 0-0: Foul Ball, location: 2F
0-1: Ball
1-1: Foul Ball, location: 2F
1-2: Foul Ball, location: 2F
1-2: Ball
2-2: Ground out 5-3 (Groundball, 56, EV 103.1 MPH)
Batting: RHB Jason Thrash 0-0: Ball
1-0: Ball
2-0: Fly out, F9 (Flyball, 89S, EV 88.1 MPH)
Batting: RHB Mike Gar 0-0: Ball
1-0: Ball
2-0: Fly out, F7 (Flyball, 78D, EV 86.2 MPH)
Bottom of the 3rd over - 0 runs, 0 hits, 0 errors, 0 left on base; Colorado 5 - Miami Beach 1
TOP OF THE 4TH
Colorado Avalanche batting - Pitching for Miami Beach Marlins : RHP Felix Moreno
Pitching: RHP Cesar Jimenez
Batting: RHB Zakhar Edelman 0-0: Swinging Strike
0-1: Foul Ball, location: 2F
0-2: Ball
1-2: Strikes out swinging
Batting: RHB Bob Hayes 0-0: Fly out, F4 (Popup, 34, EV 76.2 MPH)
Batting: RHB Manny Thompson 0-0: Swinging Strike
0-1: Ball
1-1: Fly out, F8 (Flyball, 8RM, EV 75.0 MPH)
Top of the 4th over - 0 runs, 0 hits, 0 errors, 0 left on base; Colorado 5 - Miami Beach 1
BOTTOM OF THE 4TH
Miami Beach Marlins batting - Pitching for Colorado Avalanche : RHP Zach Sommer
Batting: LHB Luis Magdaleno 0-0: Ball
1-0: Called Strike
1-1: Ball
2-1: Foul Ball, location: 2F
2-2: Fly out, F7 (Flyball, 78M, EV 88.8 MPH)
Batting: SHB Matt Moore 0-0: Called Strike
0-1: Foul Ball, location: 2F
0-2: Ball
1-2: Ball
2-2: Ground out 4-3 (Groundball, 4, EV 90.6 MPH)
Batting: RHB Keith Bennett 0-0: Ball
1-0: Ball
2-0: Ball
3-0: Base on Balls
Batting: LHB Orlando Rivera 0-0: Called Strike
0-1: Ball
1-1: Ball
2-1: Swinging Strike
2-2: Fly out, F4 (Flyball, 34D, EV 89.4 MPH)
Bottom of the 4th over - 0 runs, 0 hits, 0 errors, 1 left on base; Colorado 5 - Miami Beach 1
TOP OF THE 5TH
Colorado Avalanche batting - Pitching for Miami Beach Marlins : RHP Cesar Jimenez
Batting: RHB Kevin Tangeman 0-0: Ball
1-0: Ball
2-0: Foul Ball, location: 2F
2-1: Foul Ball, location: 2F
2-2: Foul Ball, location: 2F
2-2: Strikes out swinging
Batting: LHB Luke Coulter 0-0: Ball
1-0: Fly out, F6 (Popup, 6, EV 68.8 MPH)
Batting: RHB Ray Insley 0-0: Foul Ball, location: 2F
0-1: Ball
1-1: SINGLE (Groundball, 56S, EV 71.2 MPH) (infield hit)
Batting: LHB Michael Krott 0-0: Ball
1-0: Called Strike
1-1: Foul Ball, location: 2F
1-2: Strikes out swinging
Top of the 5th over - 0 runs, 1 hit, 0 errors, 1 left on base; Colorado 5 - Miami Beach 1
BOTTOM OF THE 5TH
Miami Beach Marlins batting - Pitching for Colorado Avalanche : RHP Zach Sommer
Batting: RHB Robbie Gomez 0-0: Called Strike
0-1: Ball
1-1: Foul Ball, location: 2F
1-2: Foul Ball, location: 2F
1-2: Ball
2-2: SINGLE (Line Drive, 89M, EV 94.4 MPH)
Batting: SHB Justin Corbett 0-0: Called Strike
0-1: Called Strike
0-2: Foul Ball, location: 2F
0-2: Foul Ball, location: 2F
0-2: Foul Ball, location: 2F
0-2: Ball
1-2: Foul Ball, location: 2F
1-2: Ball
2-2: Fly out, F7 (Flyball, 7D, EV 103.1 MPH)
Batting: RHB Masumitsu Sugiura 0-0: Ball
1-0: Called Strike
1-1: Grounds into double play, 5-4-3 (Groundball, 56S, EV 83.1 MPH)
Bottom of the 5th over - 0 runs, 1 hit, 0 errors, 0 left on base; Colorado 5 - Miami Beach 1
TOP OF THE 6TH
Colorado Avalanche batting - Pitching for Miami Beach Marlins : RHP Cesar Jimenez
Batting: RHB John Corfield 0-0: Ball
1-0: Ball
2-0: Called Strike
2-1: Fly out, F8 (Flyball, 78D, EV 86.9 MPH)
Batting: LHB Paul McClintock 0-0: Swinging Strike
0-1: Foul Ball, location: 2F
0-2: Fly out, F9 (Flyball, 9D, EV 85.0 MPH)
Batting: RHB Zakhar Edelman 0-0: Ball
1-0: SINGLE (Groundball, 34D, EV 101.2 MPH)
Batting: RHB Bob Hayes 0-0: Called Strike
0-1: Ball
1-1: Ball
2-1: Swinging Strike
2-2: Strikes out swinging
Top of the 6th over - 0 runs, 1 hit, 0 errors, 1 left on base; Colorado 5 - Miami Beach 1
BOTTOM OF THE 6TH
Miami Beach Marlins batting - Pitching for Colorado Avalanche : RHP Zach Sommer
Batting: RHB Jason Thrash 0-0: Ball
1-0: Called Strike
1-1: Foul Ball, location: 2F
1-2: Ball
2-2: Ball
3-2: Foul Ball, location: 2F
3-2: Base on Balls
Pitching: RHP Bobby Servin
Batting: RHB Mike Gar 0-0: Called Strike
0-1: Foul Ball, location: 2F
0-2: Ball
1-2: Ball
2-2: SINGLE (Groundball, 4M, EV 89.4 MPH) (infield hit)
Jason Thrash to second
Batting: LHB Luis Magdaleno 0-0: Called Strike
0-1: Fly out, F8 (Flyball, 8RS, EV 93.1 MPH)
Batting: SHB Matt Moore 0-0: Ball
1-0: Ball
2-0: Ball
3-0: Called Strike
3-1: Foul Ball, location: 2F
3-2: Foul Ball, location: 2F
3-2: Base on Balls
Jason Thrash to third
Mike Gar to second
Batting: RHB Keith Bennett 0-0: Called Strike
0-1: Called Strike
0-2: Foul Ball, location: 2F
0-2: Fly out, F6 (Flyball, 6D, EV 86.9 MPH)
Batting: LHB Orlando Rivera 0-0: Called Strike
0-1: Ball
1-1: Called Strike
1-2: Ball
2-2: Foul Ball, location: 2F
2-2: Strikes out swinging
Bottom of the 6th over - 0 runs, 1 hit, 0 errors, 3 left on base; Colorado 5 - Miami Beach 1
TOP OF THE 7TH
Colorado Avalanche batting - Pitching for Miami Beach Marlins : RHP Cesar Jimenez
Pitching: RHP Ib Skovgaard
Batting: RHB Manny Thompson 0-0: Swinging Strike
0-1: Foul Ball, location: 2F
0-2: Foul Ball, location: 2F
0-2: Ball
1-2: Ball
2-2: Foul Ball, location: 2F
2-2: Strikes out swinging
Batting: RHB Kevin Tangeman 0-0: Swinging Strike
0-1: Foul Ball, location: 2F
0-2: Strikes out swinging
Batting: LHB Luke Coulter 0-0: Foul Ball, location: 2F
0-1: Foul Ball, location: 2F
0-2: Hit by Pitch
Batting: RHB Ray Insley 0-0: Called Strike
0-1: Ball
1-1: Ball
2-1: Ball
Luke Coulter steals 2nd base
3-1: Base on Balls
Batting: LHB Michael Krott 0-0: Called Strike
0-1: Ball
1-1: Ball
2-1: Foul Ball, location: 2F
2-2: Ball
3-2: Base on Balls
Luke Coulter to third
Ray Insley to second
Batting: RHB John Corfield 0-0: Ball
1-0: Ball
2-0: Ball
3-0: Called Strike
3-1: Called Strike
3-2: Base on Balls
Luke Coulter scores
Ray Insley to third
Michael Krott to second
Batting: LHB Paul McClintock 0-0: Called Strike
0-1: Called Strike
0-2: Foul Ball, location: 2F
0-2: Ball
1-2: Foul Ball, location: 2F
1-2: Fielders Choice at 2nd, 6-4 (Groundball, 6, EV 83.8 MPH)
Top of the 7th over - 1 run, 0 hits, 0 errors, 3 left on base; Colorado 6 - Miami Beach 1
BOTTOM OF THE 7TH
Miami Beach Marlins batting - Pitching for Colorado Avalanche : RHP Bobby Servin
Batting: RHB Robbie Gomez 0-0: Foul Ball, location: 2F
0-1: Ball
1-1: Ball
2-1: Swinging Strike
2-2: Ball
3-2: Base on Balls
Batting: SHB Justin Corbett 0-0: Fly out, F3 (Popup, 3F, EV 60.6 MPH)
Batting: RHB Masumitsu Sugiura 0-0: Called Strike
0-1: Ball
1-1: Swinging Strike
1-2: DOUBLE (Flyball, 89D, EV 91.9 MPH)
Robbie Gomez to third
Batting: RHB Jason Thrash 0-0: Called Strike
0-1: Swinging Strike
0-2: Strikes out swinging
Batting: RHB Mike Gar 0-0: Ball
1-0: Single, Error in OF, E8, batter to second base (Line Drive, 4MD, EV 103.1 MPH)
Robbie Gomez scores
Masumitsu Sugiura scores
Pitching: RHP Davon Ware
Batting: LHB Luis Magdaleno 0-0: Ball
1-0: Called Strike
1-1: Called Strike
1-2: Strikes out swinging
Bottom of the 7th over - 2 runs, 2 hits, 1 error, 1 left on base; Colorado 6 - Miami Beach 3
TOP OF THE 8TH
Colorado Avalanche batting - Pitching for Miami Beach Marlins : RHP Ib Skovgaard
Pitching: RHP Santiago Navarro
Batting: RHB Zakhar Edelman 0-0: Ball
1-0: DOUBLE (Line Drive, 9LS, EV 113.1 MPH)
Batting: RHB Bob Hayes 0-0: Ground out 5-3 (Groundball, 56, EV 87.5 MPH)
Batting: RHB Manny Thompson 0-0: Ground out U3 (Groundball, 34, EV 99.4 MPH)
Zakhar Edelman to third
Batting: RHB Kevin Tangeman 0-0: Ball
1-0: Foul Ball, location: 2F
1-1: Called Strike
1-2: Ground out 6-3 (Groundball, 6, EV 102.5 MPH)
Top of the 8th over - 0 runs, 1 hit, 0 errors, 1 left on base; Colorado 6 - Miami Beach 3
BOTTOM OF THE 8TH
Miami Beach Marlins batting - Pitching for Colorado Avalanche : RHP Davon Ware
Batting: SHB Matt Moore 0-0: Called Strike
0-1: Fly out, F7 (Flyball, 78D, EV 84.4 MPH)
Batting: RHB Keith Bennett 0-0: Ball
1-0: Called Strike
1-1: Ball
2-1: Swinging Strike
2-2: Ground out 6-3 (Groundball, 56, EV 88.1 MPH)
Pitching: RHP Zi-cheng Zhou
Batting: LHB Orlando Rivera 0-0: Swinging Strike
0-1: Foul Ball, location: 2F
0-2: Strikes out looking
Bottom of the 8th over - 0 runs, 0 hits, 0 errors, 0 left on base; Colorado 6 - Miami Beach 3
TOP OF THE 9TH
Colorado Avalanche batting - Pitching for Miami Beach Marlins : RHP Santiago Navarro
Batting: LHB Luke Coulter 0-0: Swinging Strike
0-1: Foul Ball, location: 2F
0-2: Ball
1-2: SINGLE (Groundball, 4MD, EV 105.6 MPH)
Batting: RHB Ray Insley 0-0: Grounds into double play, 6-4-3 (Groundball, 6, EV 85.0 MPH)
Batting: LHB Michael Krott 0-0: Foul Ball, location: 2F
0-1: Called Strike
0-2: Ball
1-2: Strikes out swinging
Top of the 9th over - 0 runs, 1 hit, 0 errors, 0 left on base; Colorado 6 - Miami Beach 3
BOTTOM OF THE 9TH
Miami Beach Marlins batting - Pitching for Colorado Avalanche : RHP Zi-cheng Zhou
Pitching: RHP Jim Micaletti
Batting: RHB Robbie Gomez 0-0: Foul Ball, location: 2F
0-1: Called Strike
0-2: Strikes out swinging
Batting: SHB Justin Corbett 0-0: Ball
1-0: Foul Ball, location: 2F
1-1: Foul Ball, location: 2F
1-2: Strikes out swinging
Batting: RHB Masumitsu Sugiura 0-0: Ball
1-0: Foul Ball, location: 2F
1-1: Ball
2-1: Ground out 1-3 (Groundball, 13, EV 66.9 MPH)
Bottom of the 9th over - 0 runs, 0 hits, 0 errors, 0 left on base; Colorado 6 - Miami Beach 3
Wednesday, June 22nd , 2022 - OOTP Baseball 23.4 Build 64